| TOP OF THE 1ST |
|
Lake County Captains batting - Pitching for Kannapolis Intimidators : RHP Jose Montoya
|
|
Pitching: RHP Jose Montoya
|
|
|
Batting: LHB Tim Fuller
|
0-0: Ball 1-0: Fly out, F6 (Popup, 6S, EV 62.5 MPH)
|
|
Batting: LHB Yasuo Igarashi
|
0-0: Called Strike 0-1: Ball 1-1: Called Strike 1-2: Ball 2-2: Fly out, F3 (Line Drive, 3, EV 68.1 MPH)
|
|
Batting: LHB Justin Rankin
|
0-0: Called Strike 0-1: Foul Ball, location: 2F 0-2: Ball 1-2: Strikes out looking
|
| Top of the 1st over - 0 runs, 0 hits, 0 errors, 0 left on base; Lake County 0 - Kannapolis 0 |
| BOTTOM OF THE 1ST |
|
Kannapolis Intimidators batting - Pitching for Lake County Captains : RHP Bruce Poff
|
|
Pitching: RHP Bruce Poff
|
|
|
Batting: RHB Adam Lambert
|
0-0: Swinging Strike 0-1: Ball 1-1: Foul Ball, location: 2F 1-2: Strikes out swinging
|
|
Batting: RHB Mike Warzecha
|
0-0: Foul Ball, location: 2F 0-1: Ball 1-1: Ball 2-1: Foul Ball, location: 2F 2-2: DOUBLE (Line Drive, 3D, EV 105.6 MPH)
|
|
Batting: LHB Dustin Taylor
|
0-0: Ground out 4-3 (Groundball, 4S, EV 85.6 MPH) Mike Warzecha to third
|
|
Batting: LHB Angel Tellez
|
0-0: Ball 1-0: Foul Ball, location: 2F 1-1: Ball 2-1: Called Strike 2-2: Ball 3-2: Foul Ball, location: 2F 3-2: Ground out 4-3 (Groundball, 4, EV 86.3 MPH)
|
| Bottom of the 1st over - 0 runs, 1 hit, 0 errors, 1 left on base; Lake County 0 - Kannapolis 0 |
| TOP OF THE 2ND |
|
Lake County Captains batting - Pitching for Kannapolis Intimidators : RHP Jose Montoya
|
|
Batting: SHB Charlie Diesel
|
0-0: Ball 1-0: Foul Ball, location: 2F 1-1: Ground out 6-3 (Groundball, 6, EV 94.4 MPH)
|
|
Batting: RHB Adrian Martinelli
|
0-0: Ball 1-0: Called Strike 1-1: Ball 2-1: Ball 3-1: Base on Balls
|
|
Batting: SHB Travis Burnett
|
0-0: Called Strike 0-1: Swinging Strike 0-2: Ball 1-2: Ball 2-2: Ball 3-2: Base on Balls Adrian Martinelli to second
|
|
Batting: LHB Danny Moreno
|
0-0: Swinging Strike 0-1: Ball 1-1: Called Strike 1-2: Strikes out looking
|
|
Batting: LHB Ubbe de Bruin
|
0-0: Ball 1-0: Ball 2-0: Called Strike 2-1: Foul Ball, location: 2F 2-2: Foul Ball, location: 2F 2-2: Strikes out looking
|
| Top of the 2nd over - 0 runs, 0 hits, 0 errors, 2 left on base; Lake County 0 - Kannapolis 0 |
| BOTTOM OF THE 2ND |
|
Kannapolis Intimidators batting - Pitching for Lake County Captains : RHP Bruce Poff
|
|
Batting: RHB Micah Brown
|
0-0: Ball 1-0: Ground out 3-1 (Groundball, 34, EV 105.0 MPH)
|
|
Batting: RHB Mark Jones
|
0-0: Foul Ball, location: 2F 0-1: Foul Ball, location: 2F 0-2: Strikes out looking
|
|
Batting: SHB Tadaaki Kondo
|
0-0: Called Strike 0-1: Swinging Strike 0-2: Foul Ball, location: 2F 0-2: Ball 1-2: Ball 2-2: Strikes out looking
|
| Bottom of the 2nd over - 0 runs, 0 hits, 0 errors, 0 left on base; Lake County 0 - Kannapolis 0 |
| TOP OF THE 3RD |
|
Lake County Captains batting - Pitching for Kannapolis Intimidators : RHP Jose Montoya
|
|
Batting: LHB Alan Kelly
|
0-0: Ball 1-0: Ball 2-0: SINGLE (Groundball, 56S, EV 66.3 MPH) (infield hit)
|
|
Batting: LHB Tim Fuller
|
0-0: Ball 1-0: Called Strike 1-1: Fielders Choice at 2nd, 1-6 (Groundball, 13S, EV 71.9 MPH)
|
|
Batting: LHB Yasuo Igarashi
|
0-0: Called Strike 0-1: Ball 1-1: Ball 2-1: Fielders Choice at 2nd, 4-6 (Groundball, 4, EV 88.1 MPH)
|
|
Batting: LHB Justin Rankin
|
0-0: Called Strike 0-1: Ball Yasuo Igarashi is caught stealing 2nd base 2-6
|
| Top of the 3rd over - 0 runs, 1 hit, 0 errors, 0 left on base; Lake County 0 - Kannapolis 0 |
| BOTTOM OF THE 3RD |
|
Kannapolis Intimidators batting - Pitching for Lake County Captains : RHP Bruce Poff
|
|
Batting: RHB Ching-hsia Zhang
|
0-0: Called Strike 0-1: Fly out, F8 (Line Drive, 8RD, EV 98.1 MPH)
|
|
Batting: RHB Tyrell Camp
|
0-0: Ball 1-0: Called Strike 1-1: Ball 2-1: Called Strike 2-2: Strikes out swinging
|
|
Batting: RHB Adam Lambert
|
0-0: Swinging Strike 0-1: Called Strike 0-2: Strikes out swinging
|
| Bottom of the 3rd over - 0 runs, 0 hits, 0 errors, 0 left on base; Lake County 0 - Kannapolis 0 |
| TOP OF THE 4TH |
|
Lake County Captains batting - Pitching for Kannapolis Intimidators : RHP Jose Montoya
|
|
Batting: LHB Justin Rankin
|
0-0: Ball 1-0: Ball 2-0: SINGLE (Groundball, 34D, EV 95.6 MPH)
|
|
Batting: SHB Charlie Diesel
|
0-0: Ball 1-0: Ball 2-0: Foul Ball, location: 2F 2-1: Foul Ball, location: 2F 2-2: Strikes out looking
|
|
Batting: RHB Adrian Martinelli
|
0-0: Ball 1-0: Called Strike 1-1: Ball Wild Pitch! Justin Rankin to second 2-1: Fly out, F7 (Flyball, 7LS, EV 96.3 MPH)
|
|
Batting: SHB Travis Burnett
|
0-0: Called Strike 0-1: Ground out U3 (Groundball, 3L, EV 90.6 MPH)
|
| Top of the 4th over - 0 runs, 1 hit, 0 errors, 1 left on base; Lake County 0 - Kannapolis 0 |
| BOTTOM OF THE 4TH |
|
Kannapolis Intimidators batting - Pitching for Lake County Captains : RHP Bruce Poff
|
|
Batting: RHB Mike Warzecha
|
0-0: Foul Ball, location: 2F 0-1: Ball 1-1: Ball 2-1: Ground out U3 (Groundball, 3, EV 88.1 MPH)
|
|
Batting: LHB Dustin Taylor
|
0-0: Called Strike 0-1: Ball 1-1: Ball 2-1: Foul Ball, location: 2F 2-2: Fly out, F8 (Flyball, 8LXD, EV 87.5 MPH)
|
|
Batting: LHB Angel Tellez
|
0-0: Swinging Strike 0-1: Fly out, F6 (Line Drive, 6, EV 71.9 MPH)
|
| Bottom of the 4th over - 0 runs, 0 hits, 0 errors, 0 left on base; Lake County 0 - Kannapolis 0 |
| TOP OF THE 5TH |
|
Lake County Captains batting - Pitching for Kannapolis Intimidators : RHP Jose Montoya
|
|
Batting: LHB Danny Moreno
|
0-0: Ball 1-0: Ball 2-0: Swinging Strike 2-1: Called Strike 2-2: Ball 3-2: Foul Ball, location: 2F 3-2: Base on Balls
|
|
Batting: LHB Ubbe de Bruin
|
0-0: Ball 1-0: Called Strike 1-1: Foul Ball, location: 2F 1-2: Foul Ball, location: 2F 1-2: Fly out, F5 (Popup, 56D, EV 69.4 MPH)
|
|
Batting: LHB Alan Kelly
|
0-0: Ball 1-0: Called Strike 1-1: Foul Ball, location: 2F 1-2: Foul Ball, location: 2F 1-2: Strikes out swinging
|
|
Batting: LHB Tim Fuller
|
0-0: Called Strike 0-1: Ball 1-1: Called Strike 1-2: Ball 2-2: Ball 3-2: Ground out 3-1 (Groundball, 34S, EV 68.8 MPH)
|
| Top of the 5th over - 0 runs, 0 hits, 0 errors, 1 left on base; Lake County 0 - Kannapolis 0 |
| BOTTOM OF THE 5TH |
|
Kannapolis Intimidators batting - Pitching for Lake County Captains : RHP Bruce Poff
|
|
Batting: RHB Micah Brown
|
0-0: Called Strike 0-1: Ball 1-1: SINGLE (Groundball, 34D, EV 111.9 MPH)
|
|
Batting: RHB Mark Jones
|
0-0: Ball 1-0: Ball 2-0: Foul Ball, location: 2F 2-1: SINGLE (Groundball, 6MD, EV 81.9 MPH) (infield hit) Micah Brown to second
|
|
Batting: SHB Tadaaki Kondo
|
0-0: Ball Wild Pitch! Micah Brown to third Mark Jones to second 1-0: Ball 2-0: Called Strike 2-1: Ball 3-1: Base on Balls
|
|
Batting: RHB Ching-hsia Zhang
|
0-0: Swinging Strike 0-1: Ball 1-1: DOUBLE (Flyball, 89D, EV 113.1 MPH) Micah Brown scores Mark Jones scores Tadaaki Kondo to third
|
|
Batting: RHB Tyrell Camp
|
0-0: Swinging Strike 0-1: Ball 1-1: Foul Ball, location: 2F 1-2: Foul Ball, location: 2F 1-2: Ball 2-2: Strikes out swinging
|
|
Batting: RHB Adam Lambert
|
0-0: Ball 1-0: Called Strike 1-1: Foul Ball, location: 2F 1-2: Ball 2-2: Ball 3-2: Strikes out swinging
|
|
Batting: RHB Mike Warzecha
|
0-0: Ball 1-0: Ball 2-0: Foul Ball, location: 2F 2-1: Foul Ball, location: 2F 2-2: Fly out, F6 (Line Drive, 6, EV 71.9 MPH)
|
| Bottom of the 5th over - 2 runs, 3 hits, 0 errors, 2 left on base; Lake County 0 - Kannapolis 2 |
| TOP OF THE 6TH |
|
Lake County Captains batting - Pitching for Kannapolis Intimidators : RHP Jose Montoya
|
|
Batting: LHB Yasuo Igarashi
|
0-0: Foul Ball, location: 2F 0-1: Ball 1-1: Ball 2-1: SINGLE (Groundball, 34D, EV 101.9 MPH)
|
|
Batting: LHB Justin Rankin
|
0-0: Called Strike 0-1: Ball 1-1: Ball 2-1: Called Strike 2-2: Ball 3-2: Fielders Choice at 2nd, 6-4 (Groundball, 6, EV 100.0 MPH)
|
|
Batting: SHB Charlie Diesel
|
0-0: Swinging Strike 0-1: Ball 1-1: Called Strike 1-2: Strikes out swinging
|
|
Batting: RHB Adrian Martinelli
|
0-0: Swinging Strike 0-1: Called Strike 0-2: Ball 1-2: Ball 2-2: Strikes out swinging
|
| Top of the 6th over - 0 runs, 1 hit, 0 errors, 1 left on base; Lake County 0 - Kannapolis 2 |
| BOTTOM OF THE 6TH |
|
Kannapolis Intimidators batting - Pitching for Lake County Captains : RHP Bruce Poff
|
|
Pitching: RHP Tatsuhito Shiota
|
|
|
Batting: LHB Dustin Taylor
|
0-0: Ball 1-0: Foul Ball, location: 2F 1-1: SINGLE (Groundball, 23, EV 70.6 MPH) (infield hit)
|
|
Batting: LHB Angel Tellez
|
0-0: Swinging Strike 0-1: Called Strike 0-2: Ball 1-2: SINGLE (Flyball, 56D, EV 90.6 MPH) Dustin Taylor to second
|
|
Batting: RHB Micah Brown
|
0-0: Ball 1-0: Ball Wild Pitch! Dustin Taylor to third Angel Tellez to second 2-0: Swinging Strike 2-1: Foul Ball, location: 2F 2-2: Foul Ball, location: 2F 2-2: Fly out, F7 (Flyball, 78M, EV 91.9 MPH)
|
|
Batting: RHB Mark Jones
|
0-0: Ball 1-0: Foul Ball, location: 2F 1-1: 3-RUN HOME RUN (Flyball, 7D, EV 92.5 MPH), Distance : 361 ft
|
|
Batting: SHB Tadaaki Kondo
|
0-0: Ball 1-0: Ball 2-0: Called Strike 2-1: Ground out 5-3 (Groundball, 56S, EV 64.4 MPH)
|
|
Batting: RHB Ching-hsia Zhang
|
0-0: Ground out 4-3 (Groundball, 34, EV 81.9 MPH)
|
| Bottom of the 6th over - 3 runs, 3 hits, 0 errors, 0 left on base; Lake County 0 - Kannapolis 5 |
| TOP OF THE 7TH |
|
Lake County Captains batting - Pitching for Kannapolis Intimidators : RHP Jose Montoya
|
|
Pitching: LHP Ienari Kitahara
|
|
|
Batting: SHB Travis Burnett
|
0-0: Ball 1-0: Ball 2-0: Ball 3-0: Called Strike 3-1: Base on Balls
|
|
Batting: LHB Danny Moreno
|
0-0: Called Strike 0-1: Ball 1-1: Called Strike 1-2: Ball 2-2: Strikes out swinging
|
|
Batting: LHB Ubbe de Bruin
|
0-0: Ball 1-0: Ball 2-0: Swinging Strike 2-1: Ball 3-1: Foul Ball, location: 2F 3-2: Base on Balls Travis Burnett to second
|
|
Batting: LHB Alan Kelly
|
0-0: Ball Wild Pitch! Travis Burnett to third Ubbe de Bruin to second 1-0: Fly out, F5 (Popup, 6S, EV 80.0 MPH)
|
|
Batting: LHB Tim Fuller
|
0-0: Ball 1-0: Swinging Strike 1-1: Foul Ball, location: 2F 1-2: Foul Ball, location: 2F 1-2: Foul Ball, location: 2F 1-2: Ground out 5-3 (Groundball, 56S, EV 83.8 MPH)
|
| Top of the 7th over - 0 runs, 0 hits, 0 errors, 2 left on base; Lake County 0 - Kannapolis 5 |
| BOTTOM OF THE 7TH |
|
Kannapolis Intimidators batting - Pitching for Lake County Captains : RHP Tatsuhito Shiota
|
|
Batting: RHB Tyrell Camp
|
0-0: Called Strike 0-1: Called Strike 0-2: Ball 1-2: Foul Ball, location: 2F 1-2: Ball 2-2: Ball 3-2: Base on Balls
|
|
Batting: RHB Adam Lambert
|
0-0: Fly out, F9 (Flyball, 89M, EV 91.3 MPH)
|
|
Pitching: LHP Alcander Magos
|
|
|
Batting: RHB Mike Warzecha
|
0-0: Ball 1-0: Fly out, F8 (Flyball, 8LD, EV 81.9 MPH)
|
|
Batting: LHB Dustin Taylor
|
0-0: Called Strike 0-1: Ball 1-1: Foul Ball, location: 2F 1-2: SINGLE (Line Drive, 7LS, EV 107.5 MPH) Tyrell Camp to second
|
|
Batting: LHB Angel Tellez
|
0-0: Ball 1-0: Ball 2-0: Ball 3-0: Called Strike 3-1: Called Strike 3-2: SINGLE (Groundball, 6S, EV 67.5 MPH) (infield hit) Tyrell Camp to third Dustin Taylor to second
|
|
Batting: RHB Micah Brown
|
0-0: Ball 1-0: Foul Ball, location: 2F 1-1: Ball 2-1: Ground out 4-3 (Groundball, 4M, EV 106.3 MPH)
|
| Bottom of the 7th over - 0 runs, 2 hits, 0 errors, 3 left on base; Lake County 0 - Kannapolis 5 |
| TOP OF THE 8TH |
|
Lake County Captains batting - Pitching for Kannapolis Intimidators : LHP Ienari Kitahara
|
|
Batting: LHB Yasuo Igarashi
|
0-0: Called Strike 0-1: Ball 1-1: Swinging Strike 1-2: Strikes out swinging
|
|
Batting: LHB Justin Rankin
|
0-0: SINGLE (Groundball, 6S, EV 65.0 MPH) (infield hit)
|
|
Pitching: RHP Jose Leal
|
|
|
Batting: SHB Charlie Diesel
|
0-0: Foul Ball, location: 2F 0-1: Foul Ball, location: 2F 0-2: Strikes out swinging
|
|
Batting: RHB Adrian Martinelli
|
0-0: Called Strike 0-1: 2-RUN HOME RUN (Flyball, 7LD, EV 96.3 MPH), Distance : 352 ft
|
|
Batting: SHB Travis Burnett
|
0-0: Called Strike 0-1: Called Strike 0-2: Ball 1-2: Strikes out looking
|
| Top of the 8th over - 2 runs, 2 hits, 0 errors, 0 left on base; Lake County 2 - Kannapolis 5 |
| BOTTOM OF THE 8TH |
|
Kannapolis Intimidators batting - Pitching for Lake County Captains : LHP Alcander Magos
|
|
Pitching: RHP Malachi Shelton
|
|
|
Batting: RHB Mark Jones
|
0-0: Ball 1-0: Foul Ball, location: 2F 1-1: Ground out 4-3 (Groundball, 4, EV 106.9 MPH)
|
|
Batting: SHB Tadaaki Kondo
|
0-0: Called Strike 0-1: Ball 1-1: Ball 2-1: Foul Ball, location: 2F 2-2: Foul Ball, location: 2F 2-2: Strikes out looking
|
|
Batting: RHB Ching-hsia Zhang
|
0-0: Swinging Strike 0-1: Ball 1-1: DOUBLE (Line Drive, 89D, EV 104.4 MPH)
|
|
Batting: RHB Tyrell Camp
|
0-0: Called Strike 0-1: Foul Ball, location: 2F 0-2: Foul Ball, location: 2F 0-2: Foul Ball, location: 2F 0-2: Ball 1-2: Ball 2-2: Ground out 6-3 (Groundball, 6MS, EV 66.9 MPH)
|
| Bottom of the 8th over - 0 runs, 1 hit, 0 errors, 1 left on base; Lake County 2 - Kannapolis 5 |
| TOP OF THE 9TH |
|
Lake County Captains batting - Pitching for Kannapolis Intimidators : RHP Jose Leal
|
|
Pitching: RHP Juan Estrada
|
|
|
Batting: LHB Danny Moreno
|
0-0: Called Strike 0-1: Ball 1-1: Ground out 4-3 (Groundball, 4, EV 81.9 MPH)
|
|
Batting: LHB Ubbe de Bruin
|
0-0: Ball 1-0: Ball 2-0: Called Strike 2-1: Swinging Strike 2-2: Ball 3-2: Base on Balls
|
|
Batting: LHB Alan Kelly
|
0-0: SINGLE (Line Drive, 7LS, EV 94.4 MPH) Ubbe de Bruin to second
|
|
Batting: LHB Tim Fuller
|
0-0: Ball 1-0: Ball 2-0: Foul Ball, location: 2F 2-1: DOUBLE (Line Drive, 7LD, EV 106.9 MPH) Ubbe de Bruin scores Alan Kelly to third
|
|
Batting: LHB Yasuo Igarashi
|
0-0: Foul Ball, location: 2F 0-1: Ball 1-1: Ground out 6-3 (Groundball, 6, EV 81.9 MPH) Alan Kelly scores Tim Fuller to third
|
|
Batting: LHB Justin Rankin
|
0-0: Foul Ball, location: 2F 0-1: Ground out U3 (Groundball, 3, EV 80.6 MPH)
|
| Top of the 9th over - 2 runs, 2 hits, 0 errors, 1 left on base; Lake County 4 - Kannapolis 5 |
|